Cogmind - Beta 15 @@@ ROGUE MODE // 2025.06.29 @ 12:34:42 Player: Cakengrad Result: Destroyed by P-70 Sage with Tesla Rifle Performance ------------- Evolutions (5) 2500 Regions Visited (13) 2600 Robots Destroyed (61) 305 Value Destroyed (1921) 1921 Prototype IDs (11) 220 Alien Tech Used (0) 0 Bonus (371) 371 TOTAL SCORE: 7917 Bonus ------- Follower Combat Kills 71 Aligned with FarCom 300 Cogmind --------- Core Integrity 0/1000 Matter 260/300 Energy 47/100 System Corruption 14% Temperature Cool (0) Movement Core (50) Location -5/Factory Parts ------- > --- POWER (2) -------- (None) > --- PROPULSION (6) --- (None) > --- UTILITY (6) ------ Advanced Weight Redist. System Advanced Weight Redist. System > --- WEAPON (3) ------- Spear > --- INVENTORY (5) ---- Plasma Cannon Plasma Cannon Plasma Cannon Phase Cannon Remote Datajack Peak State ------------ > --- POWER ------------ Micro Fission Core Micro Fission Core > --- PROPULSION ------- Armored Medium Treads Carbon-fiber Leg Carbon-fiber Leg Improved Titanium Leg Antigrav System > --- UTILITY ---------- Advanced Heat Sink Compact Battery Structural Scanner Improved Trap Scanner Triangulator Hacking Suite > --- WEAPON ----------- Phase Cannon Phase Cannon Phase Cannon > --- INVENTORY -------- Neutrino Core Neutrino Core Remote Datajack Heavy Mace [Rating: 72] Favorites ----------- Power Deuterium Engine Engine Deuterium Engine Power Core Micro Nuclear Core Propulsion Improved Hover Unit Treads Armored Medium Treads Leg Improved Titanium Leg Wheel Armored Wheel Hover Unit Improved Hover Unit Flight Unit Improved VTOL Module Utility Signal Interpreter Device Improved Terrain Scanner Storage Small Storage Unit Processor Signal Interpreter Hackware Authchip [R/Combat] Protection Light Armor Plating Weapon EM Shotgun Energy Gun EM Shotgun Energy Cannon Phase Cannon Launcher Mini Grenade Launcher Special Weapon Remote Datajack Impact Weapon Heavy Mace Piercing Weapon Spear Special Melee Weapon Datajack Build | -11 -10 -9 -9 -9 -8 -8 -7 -7 -6 -6 -6 -6 -5 ------- Run | Yrd Mat Mat Min Exi Min Mat Fac Sto Fac Was Fac Ext Fac Slots Evolved 10 | . . 2 . . . 2 2 . 2 . . . 2 Power 1 | . . . . . . . . . 1 . . . . Propulsion 4 | . . 1 . . . 1 1 . . . . . 1 Utility 4 | . . . . . . 1 1 . 1 . . . 1 Weapon 1 | . . 1 . . . . . . . . . . . Parts Attached 92 | 1 12 10 . . 1 8 11 7 5 . 12 . 25 Power 12 | . . 2 . . . . 3 1 1 . 1 . 4 Engine 5 | . . 2 . . . . 2 . 1 . . . . Core 7 | . . . . . . . 1 1 . . 1 . 4 Reactor . | . . . . . . . . . . . . . . Propulsion 29 | . 5 4 . . . 5 5 . 2 . 3 . 5 Treads 1 | . . . . . . . . . . . . . 1 Leg 4 | . 1 . . . . . . . . . . . 3 Wheel 3 | . 2 1 . . . . . . . . . . . Hover 7 | . . 3 . . . 1 . . 2 . . . 1 Flight 14 | . 2 . . . . 4 5 . . . 3 . . Utility 28 | . 4 . . . . 2 2 4 1 . 6 . 9 Device 13 | . 1 . . . . 1 . 1 . . 3 . 7 Storage 4 | . 1 . . . . . . . 1 . . . 2 Processor 5 | . 1 . . . . 1 2 . . . 1 . . Hackware 5 | . . . . . . . . 3 . . 2 . . Protection 1 | . 1 . . . . . . . . . . . . Artifact . | . . . . . . . . . . . . . . Weapon 23 | 1 3 4 . . 1 1 1 2 1 . 2 . 7 Energy Gun 8 | 1 3 1 . . . 1 1 . 1 . . . . Energy Cannon 5 | . . . . . . . . 1 . . 1 . 3 Ballistic Gun . | . . . . . . . . . . . . . . Ballistic Cannon . | . . . . . . . . . . . . . . Launcher 3 | . . 1 . . 1 . . . . . 1 . . Special Weapon 2 | . . . . . . . . 1 . . . . 1 Impact Weapon 1 | . . 1 . . . . . . . . . . . Slashing Weapon . | . . . . . . . . . . . . . . Piercing Weapon 3 | . . . . . . . . . . . . . 3 Special Melee Weapon 1 | . . 1 . . . . . . . . . . . Unidentified Prototypes 7 | . . . . . . 1 3 1 1 . 1 . . Parts Lost 46 | . 1 1 . . . 4 . 8 . . 4 7 21 Power 7 | . . . . . . . . 1 . . 1 1 4 Propulsion 17 | . . . . . . 4 . 2 . . 3 3 5 Utility 13 | . . . . . . . . 4 . . . 2 7 Weapon 9 | . 1 1 . . . . . 1 . . . 1 5 Highest Loss Streak 11 | . 1 1 . . . 2 . 8 . . 2 6 11 To Critical Strikes . | . . . . . . . . . . . . . . Average Backups 6 | 6 7 7 8 7 7 6 3 4 8 11 9 5 4 Power . | 1 1 1 1 1 1 1 . . . . . . . Propulsion . | 4 2 . . 1 1 1 . . 1 2 1 . . Utility 1 | . 1 1 2 2 2 . 1 1 4 5 4 2 . Weapon 2 | 1 2 3 4 3 3 2 1 1 2 4 3 3 2 Tool/Special . | . . . . . . . . . . . . . . Unused Backups 28 | . 8 3 1 . . 2 . 1 . . 9 1 3 Power 2 | . 1 1 . . . . . . . . . . . Propulsion 6 | . 5 1 . . . . . . . . . . . Utility 13 | . . 1 . . . 1 . 1 . . 9 1 . Weapon 7 | . 2 . 1 . . 1 . . . . . . 3 Tool/Special . | . . . . . . . . . . . . . . Average Slot Usage (%) 79 | . 97 95 88 99 100 86 88 81 70 63 67 56 51 Engine 5 | . 14 11 11 11 11 9 5 . . . . . . Core 2 | . . . . . . . 1 6 6 6 4 4 6 Leg 1 | . 2 . . . . . . . . . . . 6 Wheel 4 | . 23 11 . . . . . . . . . . . Hover 10 | . . 21 33 33 33 23 . . 11 13 5 . . Flight 8 | . 1 . . . . 10 31 31 8 6 18 17 . Device 3 | . 2 . . . . 5 7 3 . . 5 3 7 Storage 6 | . 12 11 11 11 11 5 . . 4 6 2 . 3 Processor 11 | . 9 11 11 11 11 11 22 19 13 13 13 13 8 Hackware 3 | . . . . . . . . 1 13 13 10 11 4 Energy Gun 8 | . 28 16 . 10 4 5 10 7 . . . . . Energy Cannon 2 | . . . . . . . . 3 4 . 3 . 9 Impact Weapon 3 | . . 8 11 11 11 8 6 1 . . . . . Special Melee Weapon 2 | . . 3 11 11 11 5 . . . . . . . Peak Build Rating 72 | 6 13 20 17 19 19 29 50 53 61 51 52 36 72 Average Rating 30 | 6 11 18 17 18 18 22 39 42 52 48 46 31 37 On Entrance 24 | 6 6 13 17 17 19 18 18 49 42 50 47 36 10 Naked Turns 12 | . . . . . . . . . . . . . 12 Heaviest Build 57 | 11 15 23 18 21 21 23 22 21 57 49 56 8 50 Greatest Support 50 | 20 24 36 21 21 21 27 28 28 40 40 40 16 50 Greatest Overweight (x) 6 | . 1 3 . . . 1 . . 1 1 2 . 6 Average Overweight (x) . | . . . . . . . . . . 1 . . . Largest Inventory Capacity 20 | 8 8 8 8 8 8 8 5 5 20 20 20 5 5 Average Capacity 8 | 8 7 8 8 8 8 6 5 5 17 20 11 5 5 Most Carried 17 | 6 8 8 8 8 7 8 5 5 11 12 17 5 5 Average Carried 6 | 6 7 7 8 7 7 6 3 4 8 11 9 4 4 Final Capacity 20 | 8 8 8 8 8 8 5 5 5 20 20 5 5 5 Final Carried 12 | 6 8 8 8 7 7 5 5 5 11 12 5 5 5 Class Distribution -------------------- 64% | Mutant 13% | Scout 8% | Sprinter 4% | Hacker-Sprinter 3% | Skirmisher Dominant Class ---------------- Mutant | -10/Materials Mutant | -9/Materials Mutant | -9/Mines Mutant | -9/Exiles Mutant | -8/Mines Scout | -8/Materials Scout | -7/Factory Sprinter | -7/Storage Mutant | -6/Factory Mutant | -6/Waste Mutant | -6/Factory Hacker-Sprinter | -6/Extension Mutant | -5/Factory Resources | -11 -10 -9 -9 -9 -8 -8 -7 -7 -6 -6 -6 -6 -5 ----------- Run | Yrd Mat Mat Min Exi Min Mat Fac Sto Fac Was Fac Ext Fac Matter Collected 1357 | 200 130 120 . . 40 . 175 120 . . 181 154 237 Remotely . | . . . . . . . . . . . . . . Salvage Created 2406 | . 527 384 . . 170 63 175 103 . . 83 . 901 Parts 106 | . 27 20 . . 7 7 11 5 . . 6 . 23 Haulers Intercepted 2 | . 1 . . . . 1 . . . . . . . Recyclers Shooed 6 | . 1 . . . 1 . . . . . . . 4 Parts Field Recycled . | . . . . . . . . . . . . . . Retrieved Matter . | . . . . . . . . . . . . . . Parts Self-Destructed . | . . . . . . . . . . . . . . Prevented . | . . . . . . . . . . . . . . Kills | -11 -10 -9 -9 -9 -8 -8 -7 -7 -6 -6 -6 -6 -5 ------- Run | Yrd Mat Mat Min Exi Min Mat Fac Sto Fac Was Fac Ext Fac Combat Hostiles Destroyed 42 | . 9 11 . . 4 . 1 2 . . 4 . 11 Melee 7 | . . 5 . . . . 1 . . . . . 1 Guns 8 | . 7 1 . . . . . . . . . . . Cannons 9 | . . . . . . . . 2 . . 1 . 6 AOE 12 | . 2 3 . . 4 . . . . . 3 . . Classes Destroyed 13 | . 4 3 . . . 1 2 1 . . 1 . 1 Worker 2 | . . . . . . . . . . . 1 . 1 Builder 2 | . . . . . . . . . . . . . 2 Tunneler 1 | . . . . . . 1 . . . . . . . Hauler 2 | . 1 . . . . 1 . . . . . . . Recycler 4 | . 1 . . . 2 . . . . . . . 1 Operator 1 | . . . . . . . 1 . . . . . . Watcher 7 | . 2 2 . . . . 3 . . . . . . Swarmer 11 | . . 4 . . 4 . . . . . 3 . . Grunt 18 | . 9 3 . . . . . . . . . . 6 Duelist 2 | . . 1 . . . . . . . . . . 1 Sentry 6 | . . 3 . . . . . 1 . . . . 2 Hunter 1 | . . . . . . . . 1 . . . . . Programmer 4 | . . . . . . . 1 . . . 1 . 2 Best Kill Streak 5 | . 3 4 . . 5 1 2 2 . . 4 . 4 Combat Bots Only 4 | . 2 4 . . 4 . 1 2 . . 3 . 2 Max Kills in Single Turn 3 | . 2 3 . . 3 1 1 1 . . 2 . 1 Gunslinging 1 | . 1 . . . . . . . . . . . . Exploded 3 | . 1 3 . . 3 . . . . . 2 . . Melee 1 | . . 1 . . . . 1 . . . . . 1 Uniques/NPCs Destroyed . | . . . . . . . . . . . . . . Combat | -11 -10 -9 -9 -9 -8 -8 -7 -7 -6 -6 -6 -6 -5 -------- Run | Yrd Mat Mat Min Exi Min Mat Fac Sto Fac Was Fac Ext Fac Hostile Shots Fired 522 | . 19 39 . . 5 7 16 97 17 1 41 83 197 Missed 224 | . 7 19 . . 3 3 8 53 4 . 19 51 57 Hits 298 | . 12 20 . . 2 4 8 44 13 1 22 32 140 Melee 5 | . . 1 . . . . . . . 1 . . 3 Projectile 293 | . 12 19 . . 2 4 8 44 13 . 22 32 137 AOE 3 | . . . . . . . . . . . . . 3 Critical Strikes 13 | . . . . . . . . . . 1 1 3 8 Damage Taken 5712 | . 183 232 . . 24 311 155 813 246 38 304 455 2951 Core 1918 | . 55 52 . . 12 143 69 225 73 . 53 216 1020 Absorbed by Shields . | . . . . . . . . . . . . . . Core Remaining (%) 75 | 100 78 . . . 84 74 . 58 . . . 59 . Volleys Fired 99 | . 21 9 . 3 2 1 6 12 . . 5 . 40 Largest 3 | . 2 3 . 1 1 1 2 2 . . 1 . 3 Hottest 255 | . 90 135 . 45 30 63 118 118 . . 100 . 255 Shots Fired 173 | . 41 13 . 3 2 1 12 13 . . 4 . 84 Gun 71 | . 41 12 . 3 . 1 12 2 . . . . . Cannon 96 | . . . . . . . . 11 . . 2 . 83 Launcher 5 | . . 1 . . 2 . . . . . 2 . . Special 1 | . . . . . . . . . . . . . 1 Kinetic . | . . . . . . . . . . . . . . Thermal 110 | . 6 . . . . 1 6 12 . . 2 . 83 Explosive 5 | . . 1 . . 2 . . . . . 2 . . Electromagnetic 57 | . 35 12 . 3 . . 6 1 . . . . . Robot Hit Streak 11 | . 8 4 . . 6 7 9 5 . . 3 . 11 Robot Miss Streak 8 | . 4 3 . . . . 4 8 . . 1 . 2 Penetration Max . | . . . . . . . . . . . . . . Secondary Targets 1 | . 1 . . . . . . . . . . . . Max Gunslinging Chain 1 | . 1 . . . . . . . . . . . . Shots Hit Robots 172 | . 33 25 . . 6 5 10 10 . . 7 . 76 Core Hits 75 | . 24 9 . . 5 1 3 5 . . 7 . 21 Critical Kills . | . . . . . . . . . . . . . . Critical Parts Destroyed 12 | . . 6 . . . . 1 . . . 2 . 3 Critical Strikes 12 | . . 6 . . . . 1 . . . 2 . 3 Smash 12 | . . 6 . . . . 1 . . . 2 . 3 Melee Attacks 106 | . . 29 . . 4 19 11 14 . . 8 . 21 Impact 79 | . . 21 . . 2 16 11 14 . . 8 . 7 Slashing . | . . . . . . . . . . . . . . Piercing 14 | . . . . . . . . . . . . . 14 Sneak Attacks 12 | . . 3 . . 3 4 1 . . . . . 1 Combat Hostiles 1 | . . . . . . . 1 . . . . . . Follow-up Attacks 2 | . . . . . . . . . . . . . 2 Damage Inflicted 6110 | . 700 802 . . 425 222 491 310 . . 517 . 2643 Guns 782 | . 467 112 . . . 17 152 34 . . . . . Cannons 2450 | . . . . . . . . 276 . . 129 . 2045 Explosions 955 | . 233 122 . . 299 92 . . . . 209 . . Melee 1889 | . . 568 . . 126 80 339 . . . 179 . 597 Ramming 34 | . . . . . . 33 . . . . . . 1 Kinetic . | . . . . . . . . . . . . . . Thermal 2859 | . 267 . . . . 109 16 293 . . 129 . 2045 Explosive 630 | . . 122 . . 299 . . . . . 209 . . Electromagnetic 698 | . 433 112 . . . . 136 17 . . . . . Impact 1592 | . . 568 . . 126 80 339 . . . 179 . 300 Slashing . | . . . . . . . . . . . . . . Piercing 297 | . . . . . . . . . . . . . 297 Highest Corruption 19 | . . . . . . 3 . 19 . 11 14 14 14 Average Corruption 11 | . . . . . . 3 . 11 . 7 12 14 6 Corruption Purged . | . . . . . . . . . . . . . . Corruption Blocked . | . . . . . . . . . . . . . . Effects 69 | . . . . . . . . 13 . 4 34 13 5 Message Errors 12 | . . . . . . . . 3 . . 8 . 1 Matter Fused 12 | . . . . . . . . . . 1 7 3 1 Heat Flow Errors 14 | . . . . . . . . 3 . 1 8 1 1 Energy Discharges 6 | . . . . . . . . . . . 6 . . Parts Rejected 1 | . . . . . . . . . . . . 1 . Data Loss (minor) 6 | . . . . . . . . 2 . 2 2 . . Data Loss (major) 4 | . . . . . . . . . . . 1 2 1 Alerts 2 | . . . . . . . . 1 . . 1 . . Misdirections 11 | . . . . . . . . 4 . . . 6 1 Weapon Failures 1 | . . . . . . . . . . . 1 . . Overload Shots . | . . . . . . . . . . . . . . Overflow Damage 1117 | . 11 327 . . 79 193 193 . . . 91 . 223 Projectiles 134 | . . . . . . . . . . . 40 . 94 Explosions 236 | . 11 32 . . . 193 . . . . . . . Melee 747 | . . 295 . . 79 . 193 . . . 51 . 129 Knockbacks 3 | . . . . . 1 . . . . . 1 . 1 Impact 3 | . . . . . 1 . . . . . 1 . 1 Kinetic . | . . . . . . . . . . . . . . Secondary . | . . . . . . . . . . . . . . Self-Inflicted Damage 258 | . 39 . . . 13 206 . . . . . . . Shots 5 | . 1 . . . 2 2 . . . . . . . Rammed . | . . . . . . . . . . . . . . Targets Rammed 2 | . . . . . . . . . . . . . 2 Kicked 2 | . . . . . . . . . . . . . 2 Crushed . | . . . . . . . . . . . . . . Highest Temperature 529 | . 191 138 . 9 . 29 245 529 . 143 249 111 528 Average Temperature 105 | . 56 38 . 5 . 14 78 109 . 83 77 59 173 Received Heat Transfer 1002 | . 84 66 . . . 18 . 93 81 . 6 213 441 Effects 14 | . . . . . . . 1 9 . . . . 4 Shutdowns 3 | . . . . . . . . 1 . . . . 2 Energy Bleed 2 | . . . . . . . 1 1 . . . . . Short Circuit 2 | . . . . . . . . 1 . . . . 1 Damage (minor) 3 | . . . . . . . . 2 . . . . 1 Damage (major) 4 | . . . . . . . . 4 . . . . . Siege Activations . | . . . . . . . . . . . . . . Martial Activations . | . . . . . . . . . . . . . . Shielding Activations . | . . . . . . . . . . . . . . Robots Disrupted . | . . . . . . . . . . . . . . Combat Hostiles . | . . . . . . . . . . . . . . Robots Corrupted 9 | . 1 3 . . 2 . 1 . . . . . 2 Combat Hostiles 4 | . . 2 . . . . . . . . . . 2 Parts Fried 17 | . 3 7 . . 3 . 2 . . . . . 2 Impact Corruptions 23 | . . 8 . . 3 . 6 . . . 2 . 4 Robots Melted 2 | . . . . . . . . . . . . . 2 Combat Hostiles 2 | . . . . . . . . . . . . . 2 Parts Melted 11 | . . . . . . . . . . . 1 . 10 Heat Transferred 3253 | . 237 . . . . 87 37 362 . . 125 . 2405 Parts Sabotaged . | . . . . . . . . . . . . . . Parts Stolen . | . . . . . . . . . . . . . . Parts Stripped . | . . . . . . . . . . . . . . Power Chain Reactions 2 | . 2 . . . . . . . . . . . . Alert | -11 -10 -9 -9 -9 -8 -8 -7 -7 -6 -6 -6 -6 -5 ------- Run | Yrd Mat Mat Min Exi Min Mat Fac Sto Fac Was Fac Ext Fac Maximum Alert Level 1 | . . 1 . . . . . . . . . . . Low Security (%) 99 | 100 100 91 100 . 100 100 100 100 100 100 100 100 100 Level 1 . | . . 8 . . . . . . . . . . . Level 2 . | . . . . . . . . . . . . . . Level 3 . | . . . . . . . . . . . . . . Level 4 . | . . . . . . . . . . . . . . Level 5 . | . . . . . . . . . . . . . . High Security . | . . . . . . . . . . . . . . Max Security . | . . . . . . . . . . . . . . Peak Influence 240 | . 193 240 90 . 115 156 70 117 53 . 119 45 115 Initial 90 | . . 68 90 . . 29 70 5 53 . . 30 14 Average 42 | . 80 73 65 . 35 30 24 51 18 . 35 10 27 Influence Increases 2701 | . 428 412 . . 160 332 106 503 5 . 247 78 430 Destroy 0b10 Robot/C 940 | . 180 220 . . 80 . 20 140 . . 80 . 220 Destroy 0b10 Robot/NC 95 | . 20 10 . . 10 10 20 . . . 5 . 20 Destroy Leader 278 | . 56 64 . . 10 2 16 50 . . 20 . 60 Allied During Kill 25 | . . . . . . . . 25 . . . . . Successful Hack 146 | . 27 5 . . . 13 . 38 5 . 13 3 42 Disable Machine 105 | . . . . . . 45 . 15 . . 30 . 15 Destroy Structure 122 | . 10 8 . . 15 37 5 10 . . 9 . 28 Partial Spotted 135 | . . 15 . . . 15 15 60 . . 30 . . Lose Combat Pursuer 855 | . 135 90 . . 45 210 30 165 . . 60 75 45 Influence Decreases 2701 | . 266 342 192 40 85 251 249 399 122 . 183 112 460 Entered New Map 530 | . . 94 142 40 . 46 86 8 64 . . 34 16 Time Decay 1636 | . 256 238 50 . 85 170 163 169 58 . 163 40 244 Lost Part 373 | . 10 10 . . . 35 . 80 . . 20 18 200 Lost Ally 162 | . . . . . . . . 142 . . . 20 . Squads Dispatched 22 | . 2 2 . . . 2 3 3 . . 3 2 5 Investigation 7 | . 1 . . . . . 1 1 . . 1 2 1 Extermination 4 | . . . . . . . 1 . . . 1 . 2 Reinforcement 11 | . 1 2 . . . 2 1 2 . . 1 . 2 Assault . | . . . . . . . . . . . . . . Garrison . | . . . . . . . . . . . . . . Intercept . | . . . . . . . . . . . . . . Searches Triggered . | . . . . . . . . . . . . . . Construction Impeded 1 | . . . . . . . . . . . . . 1 Haulers Reinforced . | . . . . . . . . . . . . . . Active Scanning Responses . | . . . . . . . . . . . . . . Cargo Convoy Interrupts . | . . . . . . . . . . . . . . Stealth | -11 -10 -9 -9 -9 -8 -8 -7 -7 -6 -6 -6 -6 -5 --------- Run | Yrd Mat Mat Min Exi Min Mat Fac Sto Fac Was Fac Ext Fac Distress Signals 12 | . . 1 . . . 2 . 2 . . 1 2 4 Communications Jammed . | . . . . . . . . . . . . . . Distress Signals . | . . . . . . . . . . . . . . Times Spotted 165 | . 23 28 . . 7 13 7 24 4 6 9 17 27 Peak Tracking Total 15 | . 4 5 . . 4 9 3 15 4 6 4 15 7 Tactical Retreats 31 | . 5 4 . . 1 5 2 6 . . 4 2 2 Traps | -11 -10 -9 -9 -9 -8 -8 -7 -7 -6 -6 -6 -6 -5 ------- Run | Yrd Mat Mat Min Exi Min Mat Fac Sto Fac Was Fac Ext Fac Traps Triggered 5 | . . . . . . . 1 2 1 . 1 . . Indirectly . | . . . . . . . . . . . . . . Trap Hack Attempts . | . . . . . . . . . . . . . . Triggered . | . . . . . . . . . . . . . . Disarmed . | . . . . . . . . . . . . . . Reprogrammed . | . . . . . . . . . . . . . . Reused . | . . . . . . . . . . . . . . Traps Extracted . | . . . . . . . . . . . . . . Installed . | . . . . . . . . . . . . . . Triggered . | . . . . . . . . . . . . . . Machines | -11 -10 -9 -9 -9 -8 -8 -7 -7 -6 -6 -6 -6 -5 ---------- Run | Yrd Mat Mat Min Exi Min Mat Fac Sto Fac Was Fac Ext Fac Machines Disabled 7 | . . . . . . 3 . 1 . . 2 . 1 Max in Single Turn 2 | . . . . . . 2 . 1 . . 2 . 1 Garrison Access 2 | . . . . . . . 1 1 . . . . . Machines Repaired . | . . . . . . . . . . . . . . Machines Dismantled . | . . . . . . . . . . . . . . Machines Sabotaged . | . . . . . . . . . . . . . . Overloaded Fab Kills . | . . . . . . . . . . . . . . Hacking | -11 -10 -9 -9 -9 -8 -8 -7 -7 -6 -6 -6 -6 -5 --------- Run | Yrd Mat Mat Min Exi Min Mat Fac Sto Fac Was Fac Ext Fac Machines Accessed 48 | . 6 1 . 4 . 5 6 6 2 . 9 4 5 Terminals 35 | . 5 1 . . . 5 4 5 2 . 5 4 4 Fabricators 3 | . . . . . . . 1 . . . 1 . 1 Repair Stations . | . . . . . . . . . . . . . . Recycling Units 2 | . 1 . . . . . . . . . 1 . . Scanalyzers 2 | . . . . . . . . . . . 2 . . Garrison Access 2 | . . . . . . . 1 1 . . . . . Total Hacks 148 | . 12 2 . 49 . 12 10 15 2 . 21 11 14 Successful 101 | . 7 2 . 49 . 5 5 10 2 . 6 7 8 Failed 47 | . 5 . . . . 7 5 5 . . 15 4 6 Catastrophic 7 | . 1 . . . . 1 1 1 . . 1 1 1 Database Lockouts . | . . . . . . . . . . . . . . Manual 19 | . 6 . . 2 . 4 1 2 . . 2 2 . Terminals 85 | . 11 2 . . . 12 8 14 2 . 13 11 12 Fabricators 5 | . . . . . . . 1 . . . 2 . 2 Repair Stations . | . . . . . . . . . . . . . . Recycling Units 3 | . 1 . . . . . . . . . 2 . . Scanalyzers 4 | . . . . . . . . . . . 4 . . Garrison Access 2 | . . . . . . . 1 1 . . . . . Terminal Hacks 94 | . 6 2 . 49 . 5 3 9 2 . 4 7 7 Record 67 | . . . . 49 . 1 . 6 1 . 1 4 5 Robot Schematic 1 | . . . . . . . . 1 . . . . . Prototype ID Bank 2 | . . 1 . . . . 1 . . . . . . Open Door 3 | . . . . . . . . 2 . . . 1 . Open DSF 2 | . . . . . . . 1 . 1 . . . . Branch Access Points 1 | . 1 . . . . . . . . . . . . Emergency Access Points 1 | . . . . . . 1 . . . . . . . Terminal Index 1 | . . . . . . . . . . . . . 1 Alert Level 5 | . 1 . . . . 1 1 . . . 1 . 1 Dispatch Records 2 | . . . . . . 1 . . . . 1 . . Maintenance Status 1 | . . . . . . . . . . . 1 . . Investigation Status 2 | . . 1 . . . . . . . . . 1 . Hauler Manifests 1 | . . . . . . 1 . . . . . . . Zone Layout 5 | . 4 . . . . . . . . . . 1 . Fabricator Hacks 2 | . . . . . . . 1 . . . . . 1 Network Status 1 | . . . . . . . 1 . . . . . . Build 1 | . . . . . . . . . . . . . 1 Repair Station Hacks . | . . . . . . . . . . . . . . Recycling Unit Hacks 1 | . 1 . . . . . . . . . . . . Report Inventory 1 | . 1 . . . . . . . . . . . . Scanalyzer 2 | . . . . . . . . . . . 2 . . Insert Component 1 | . . . . . . . . . . . 1 . . Analyze 1 | . . . . . . . . . . . 1 . . Garrison Access Hacks 2 | . . . . . . . 1 1 . . . . . Seal Access 2 | . . . . . . . 1 1 . . . . . Unauthorized Hacks . | . . . . . . . . . . . . . . Terminals . | . . . . . . . . . . . . . . Fabricators . | . . . . . . . . . . . . . . Repair Stations . | . . . . . . . . . . . . . . Recycling Units . | . . . . . . . . . . . . . . Scanalyzers . | . . . . . . . . . . . . . . Garrison Access . | . . . . . . . . . . . . . . Data Cores Recovered 1 | . . . . . . . 1 . . . . . . Used 1 | . . . . . . . 1 . . . . . . Hacking Detections 36 | . 5 1 . . . 4 5 4 . . 9 3 5 Full Trace Events 6 | . 1 . . . . . . 1 . . 1 2 1 Feedback Events . | . . . . . . . . . . . . . . Feedback Blocked . | . . . . . . . . . . . . . . Robot Schematics Acquired 1 | . . . . . . . . 1 . . . . . Robots Built . | . . . . . . . . . . . . . . Authchips . | . . . . . . . . . . . . . . Time . | . . . . . . . . . . . . . . Total Robot Build Rating . | . . . . . . . . . . . . . . Part Schematics Acquired 1 | . . . . . . . . . . . 1 . . Parts Built 1 | . . . . . . . . . . . . . 1 Authchips . | . . . . . . . . . . . . . . Time 64 | . . . . . . . . . . . . . 64 Total Part Build Rating 8 | . . . . . . . . . . . . . 8 Parts Repaired . | . . . . . . . . . . . . . . Time . | . . . . . . . . . . . . . . Parts Recycled . | . . . . . . . . . . . . . . Recycled Matter . | . . . . . . . . . . . . . . Retrieved Matter . | . . . . . . . . . . . . . . Retrieved Components . | . . . . . . . . . . . . . . Parts Scanalyzed 1 | . . . . . . . . . . . 1 . . Part Schematics Acquired 1 | . . . . . . . . . . . 1 . . Parts Damaged . | . . . . . . . . . . . . . . Bothacking | -11 -10 -9 -9 -9 -8 -8 -7 -7 -6 -6 -6 -6 -5 ------------ Run | Yrd Mat Mat Min Exi Min Mat Fac Sto Fac Was Fac Ext Fac Used RIF Installer . | . . . . . . . . . . . . . . Robots Hacked 7 | . . 3 . . 1 2 . . . . . . 1 Non-combat 5 | . . 1 . . 1 2 . . . . . . 1 Combat 2 | . . 2 . . . . . . . . . . . Robot Hacks Applied 10 | . . 4 . . 2 3 . . . . . . 1 parse_system 6 | . . 4 . . 1 1 . . . . . . . no_distress 3 | . . . . . 1 1 . . . . . . 1 find_recycling 1 | . . . . . . 1 . . . . . . . Relay Couplers Released . | . . . . . . . . . . . . . . Fabnet Peak Effective % . | . . . . . . . . . . . . . . Robots Rewired . | . . . . . . . . . . . . . . Allies Hacked . | . . . . . . . . . . . . . . Hacks Repelled . | . . . . . . . . . . . . . . Allies | -11 -10 -9 -9 -9 -8 -8 -7 -7 -6 -6 -6 -6 -5 -------- Run | Yrd Mat Mat Min Exi Min Mat Fac Sto Fac Was Fac Ext Fac Total Allies 12 | . . . . . . . . 10 . 1 . 1 . Largest Group 10 | . . . . . . . . 10 . 1 . 1 . Highest-Rated Group 173 | . . . . . . . . 173 . 31 . 31 . Highest-Rated Ally 31 | . . . . . . . . 29 . 31 . 31 . Total Orders 1 | . . . . . . . . 1 . . . . . ROAM 1 | . . . . . . . . 1 . . . . . Ally Attacks 68 | . . . . . . . . 57 . 5 . 6 . Total Damage 849 | . . . . . . . . 691 . 66 . 92 . Kills 5 | . . . . . . . . 5 . . . . . Allies Corrupted . | . . . . . . . . . . . . . . Allies Melted . | . . . . . . . . . . . . . . Intel | -11 -10 -9 -9 -9 -8 -8 -7 -7 -6 -6 -6 -6 -5 ------- Run | Yrd Mat Mat Min Exi Min Mat Fac Sto Fac Was Fac Ext Fac Active Infowar (turns) 4064 | . 807 525 116 430 390 477 381 234 . . 149 . 555 Optics 3164 | . 638 525 116 430 390 477 381 207 . . . . . Sensors 133 | . . . . . . . . . . . . . 133 Terrain 1013 | . 169 . . . . 304 381 159 . . . . . Structural 263 | . . . . . . . . . . . . . 263 Traps 179 | . . . . . . . . . . . . . 179 Seismic 26 | . . . . . . . . 26 . . . . . Triangulation 571 | . . . . . . . . . . . 149 . 422 ECM 1 | . . . . . . . . . . . 1 . . Robot Analysis Total . | . . . . . . . . . . . . . . Derelict Logs Recovered . | . . . . . . . . . . . . . . Drone Launches . | . . . . . . . . . . . . . . Drone Recoveries . | . . . . . . . . . . . . . . Exploration | -11 -10 -9 -9 -9 -8 -8 -7 -7 -6 -6 -6 -6 -5 ------------- Run | Yrd Mat Mat Min Exi Min Mat Fac Sto Fac Was Fac Ext Fac Turns Passed 6306 | 2 977 525 116 430 390 477 381 363 206 176 832 174 1257 Spaces Moved 8421 | 1 891 595 218 813 691 768 884 716 233 161 1057 566 827 Core 342 | . . . . . . . . . . . . 3 339 Treads 21 | . . . . . . . . . . . . . 21 Legs 524 | 1 56 . . . . . . . . . . . 467 Wheels 842 | . 686 156 . . . . . . . . . . . Hover 3240 | . . 439 218 813 691 463 . . 164 161 291 . . Flight 3452 | . 149 . . . . 305 884 716 69 . 766 563 . Fastest Speed 24 | 120 37 52 52 52 52 30 24 24 29 106 25 29 50 Average Speed 57 | 120 83 62 52 52 52 42 26 25 81 106 51 29 120 Slowest Speed 350 | 120 190 250 52 52 52 116 34 29 106 106 160 50 350 Overloaded Moves . | . . . . . . . . . . . . . . Propulsion Burnouts . | . . . . . . . . . . . . . . Robots Hopped 59 | . . . . . . 2 13 19 . . 10 15 . Potential Cave-ins 3 | . . . . . . 3 . . . . . . . Cave-ins Triggered 2 | . . . . . . . . 2 . . . . . Exploration Rate (%) 52 | 2 88 47 50 94 95 49 28 84 6 76 22 69 23 Regions Visited 13 Branch Regions 5 Pre-discovered Areas 1 | . . . . 1 . . . . . . . . . Known Exits Taken 5 | . . . . . . 1 1 1 . . 1 1 . Unknown Exits Taken 6 | 1 1 1 1 1 1 . . . . . . . . Scrap Searched 3 | . . . 2 . 1 . . . . . . . . Spaces Dug 24 | . . 1 . . . 11 4 8 . . . . . Terrain Destroyed 113 | . 9 7 . . 20 40 4 8 . . 12 . 13 Melee 24 | . . 1 . . . 11 4 8 . . . . . Projectile 13 | . . . . . . . . . . . . . 13 AOE 76 | . 9 6 . . 20 29 . . . . 12 . . Terrain Rammed 1 | . . . . . . 1 . . . . . . . Walls Destroyed 1 | . . . . . . 1 . . . . . . . Machines Disabled . | . . . . . . . . . . . . . . Actions | -11 -10 -9 -9 -9 -8 -8 -7 -7 -6 -6 -6 -6 -5 --------- Run | Yrd Mat Mat Min Exi Min Mat Fac Sto Fac Was Fac Ext Fac Total 9502 | 1 1085 695 220 816 714 893 983 829 250 166 1320 556 974 Wait 701 | . 145 40 1 . 17 70 73 89 2 5 218 1 40 Move 8302 | . 890 594 217 812 690 763 861 680 233 160 1036 539 827 Hop 48 | . . . . . . 2 9 16 . . 10 11 . Pick Up 58 | . 8 6 1 . . 11 4 5 5 1 10 2 5 Fast Attach 44 | . 2 1 . . . . 5 2 4 . 7 1 22 Attach 38 | . 2 2 . 1 . 8 3 4 1 . 8 . 9 Detach 19 | . 2 1 . . . 3 1 1 2 . 4 . 5 Swap 35 | 1 8 8 . . 1 4 6 4 . . 3 . . Drop 52 | . 7 5 1 . . 11 4 2 3 . 11 2 6 Fire 99 | . 21 9 . 3 2 1 6 12 . . 5 . 40 Melee 103 | . . 29 . . 4 19 11 14 . . 8 . 18 Ram 1 | . . . . . . 1 . . . . . . . Kick 2 | . . . . . . . . . . . . . 2 Crush . | . . . . . . . . . . . . . . Escape Stasis . | . . . . . . . . . . . . . . Rewire . | . . . . . . . . . . . . . . Trap . | . . . . . . . . . . . . . . Miscellaneous . | . . . . . . . . . . . . . . Route ------- -11/Scrapyard -10/Materials (discovered 3 exits: *Mat x2 / *Min) -9/Materials (discovered 3 exits: *Mat / [*Min x2]) -9/Mines (discovered 3 exits: *Mat / *Exi / [*Zio]) -9/Exiles (discovered 2 exits: [*Min x2]) -8/Mines (discovered 2 exits: *Mat x2) -8/Materials -7/Factory -7/Storage (discovered 2 exits: *Fac / [Rec]) -6/Factory -6/Waste -6/Factory -6/Extension (discovered 2 exits: *Fac / *Cet) -5/Factory History --------- Turn | Location | Event 3 | -11/Scrapyard | Discovered new exit (range 0) 3 | -11/Scrapyard | Entered Materials 88 | -10/Materials | Discovered new exit (range 16) 241 | -10/Materials | Discovered new exit (range 16) 314 | -10/Materials | Build established: Mutant 595 | -10/Materials | Discovered new exit (range 8) 646 | -10/Materials | Identified exit to Mines 980 | -10/Materials | Entered another Materials area 980 | -9/Materials | Evolved 2 slots: Propulsion x1, Weapon x1 1216 | -9/Materials | Discovered new exit (range 10) 1326 | -9/Materials | Discovered new exit (range 18) 1492 | -9/Materials | Discovered new exit (range 17) 1505 | -9/Materials | Entered Mines 1506 | -9/Mines | A Derelict revealed a hidden shortcut to a safe place 1566 | -9/Mines | Discovered new exit (range 11) 1618 | -9/Mines | Deemed a non-threat by the Exiles lab entrance 1619 | -9/Mines | Discovered new exit (range 5) 1621 | -9/Mines | Entered Exiles 1637 | -9/Exiles | Discovered new exit (range 14) 1651 | -9/Exiles | Met 8R-AWN 1661 | -9/Exiles | Met EX-HEX 1688 | -9/Exiles | Met EX-DEC 1705 | -9/Exiles | Visited The Gauntlet 1771 | -9/Exiles | Learned location of Zion (-7) 1787 | -9/Exiles | Met EX-BIN 1871 | -9/Exiles | Discovered new exit (range 12) 1906 | -9/Exiles | Aligned with FarCom system 1907 | -9/Exiles | Given EX-Vault access code 2051 | -9/Exiles | Entered Mines 2298 | -8/Mines | Discovered new exit (range 6) 2403 | -8/Mines | Discovered new exit (range 13) 2441 | -8/Mines | Entered Materials 2441 | -8/Materials | Evolved 2 slots: Propulsion x1, Utility x1 2902 | -8/Materials | Discovered new exit (range 18) 2909 | -8/Materials | Identified exit to Factory 2918 | -8/Materials | Entered Factory 2918 | -7/Factory | Evolved 2 slots: Propulsion x1, Utility x1 3190 | -7/Factory | Build established: Scout 3288 | -7/Factory | Discovered new exit (range 20) 3292 | -7/Factory | Identified exit to Storage 3299 | -7/Factory | Entered Storage 3313 | -7/Storage | Assisted by bots powering up and referring to "LRC-V3" 3367 | -7/Storage | Discovered new exit (range 10) 3449 | -7/Storage | Allied Derelicts emerged from ambush trap array 3506 | -7/Storage | Crushed by falling debris 3506 | -7/Storage | System corruption reached 10% 3513 | -7/Storage | Crushed by falling debris 3575 | -7/Storage | Lost 8 parts (1p2n4u1w) 3647 | -7/Storage | Discovered new exit (range 12) 3651 | -7/Storage | Identified exit to Factory 3662 | -7/Storage | Entered Factory 3662 | -6/Factory | Evolved 2 slots: Power x1, Utility x1 3675 | -6/Factory | Discovered new exit (range 11) 3678 | -6/Factory | Identified exit to Lower Caves 3681 | -6/Factory | Identified exit to DSF 3868 | -6/Factory | Sucked down chute 3868 | -6/Factory | Entered Waste 3869 | -6/Waste | Met a frightened Derelict 3883 | -6/Waste | EMP discharged 3894 | -6/Waste | Spotted C-40 Crusher 3903 | -6/Waste | Spotted C-40 Crusher 3957 | -6/Waste | Build established: Mutant 3957 | -6/Waste | Spotted C-40 Crusher 3959 | -6/Waste | Crushed by Compactor (0 parts destroyed, 1 dropped) 3959 | -6/Waste | Spotted C-40 Crusher 3959 | -6/Waste | Spotted C-40 Crusher 3978 | -6/Waste | Spotted C-40 Crusher 3983 | -6/Waste | EMP discharged 3983 | -6/Waste | System corruption reached 10% 4032 | -6/Waste | Discovered new exit (range 12) 4043 | -6/Waste | Identified exit to Factory 4044 | -6/Waste | Entered Factory 4678 | -6/Factory | Discovered new exit (range 5) 4679 | -6/Factory | Identified exit to Extension 4876 | -6/Factory | Entered Extension 4913 | -6/Extension | Spotted B-75 Beast 4994 | -6/Extension | Rescued a captive Derelict 5009 | -6/Extension | Spotted B-75 Beast 5038 | -6/Extension | Discovered new exit (range 16) 5039 | -6/Extension | Discovered new exit (range 15) 5043 | -6/Extension | Identified exit to Factory 5044 | -6/Extension | Identified exit to Cetus 5050 | -6/Extension | Entered Factory 5050 | -5/Factory | Evolved 2 slots: Propulsion x1, Utility x1 5079 | -5/Factory | Lost 6 parts (1p3n1u1w) 5221 | -5/Factory | Fabricated Impulse Thruster Array? 6161 | -5/Factory | Lost 7 parts (1p1n3u2w) 6234 | -5/Factory | Core integrity fell below 50% 6258 | -5/Factory | System corruption reached 10% 6261 | -5/Factory | Core integrity fell below 20% 6287 | -5/Factory | Lost 11 parts (2p3n4u2w) 6307 | -5/Factory | Destroyed by P-70 Sage with Tesla Rifle Last Messages --------------- compactors. The process doubles as a convenient way to deal with intruders swallowed by a [Chute Trap]. >>Alert(Check) Current Alert Level: Low Security 06279_ ALERT: Suspicious activity at Terminal F001. Dispatching Investigation squad. 06279_ Terminal unresponsive. 06282_ Acquired Plasma Cannon. 06284_ Terminal disabled. 06286_ Acquired Plasma Cannon. 06286_ K-01 Serf collects debris. 06287_ Acquired Plasma Cannon. 06287_ Spear destroyed. 06288_ K-01 Serf collects debris. 06289_ K-01 Serf destroyed. 06291_ K-01 Serf collects debris. 06299_ Subcomponent Replicator disabled. 06299_ Acquired Adv. Weight Redist. System. 06306_ K-01 Serf destroyed. 06306_ Acquired Spear. Map ----- +----------------------------------------------------+ | ??????????????????????????????????????????? # | | ???????????????????????????????????????????+# | | ??????????????????????????????????????????? ####+# | | ????????????????????????????????????????????## | | ?????????????????????????????????????? ????## | | ????????????????????????????????????? # | | ????????????????????????????????????? / | | ????????????????????????????????????? # "T" | | ????????????????????????????????????????????## """ | | ????????????????????????????????????????????## | | ????????????????????????? ?????????????????###### | | ????????????????????????? ?????????????????###### | | ???????????????????????? ??????????????????????? | | ???????????????????????? t#?????????????????????? | | ????????????????????????"k #?????????????????????? | | ??????????????????????? " u#??????????#??????????? | | ??????????????????? "?" " #??????????# ?????????? | | ??????????????????? " " " #??????????# ?????????? | | ????????????????? " " " " #??????????# ########## | | ????????????????? " " " " ############ | | ?????????????### " " " " | | ????????????# " " " " | | ????????????# " " " " """ """ !] | | ????????????# """ """ !] !% | | ????????????# """ """ ! ] = | | ????????????# @*%= [ "" "" | | ???????????????w?### = ! " p "" | | ???????????????????########## p p | | ????????????????????????????# """ """ "" """ """ | | ????????????????????????????# """ """ """ """ """ | | ????????????????????????????# """ """ """ """ """ | | ????????????????????????????# "" "" "" "" "" | | ????????????????????????????/ "" "" "" "" "" | | ????????????????????????????# | | ????????????????????????????# | | ????????????????????????????# | | ????????????????????????????############ | | ???????????????????????????????????????# | | ???????????????????????????????????????# | | ???????????????????????????????????????# | | ???????????????????????????????????????##+######## | | ?????????????????????????????????????????????????? | | ????????????????????????w????????????????????????? | | ?????????????????????????????????????????????????? | | ?????????????????????????????????????????????????? | | ?????????????????????????????????????????????????? | | ?????????????????????????????????????????????????? | | ?????????????????????????????????????????????????? | | ?????????????????????????????????????????????????? | | ?????????????????????????????????????????????????? | +----------------------------------------------------+ Best States ------------- Heat Dissipation 59 Energy Generation 29 Energy Capacity 565 Matter Stores 300 Matter Capacity 300 Sight Range 20 Robot Scan Range 16 Terrain Scan Range 16 Terrain Scan Density 210 ECM Strength 2 Additional Mass Support 9 Base Temperature (-) 150 Armor Coverage 150 Evasion (%) 75 Recoil Reduction 1 Offensive Hacking 20 Authchip Count 5 Item Schematics ----------------- Ion Burst Cannon | -6/Factory | Scanalyzed Robot Schematics ------------------ M-14 Sweeper | -7/Storage | Hacked Fabricated ------------ Impulse Thruster Array | x1 | -5/Factory | Preloaded Repaired ---------- Nothing Alien Tech Used ----------------- None Achievements -------------- Can't Catch Me Cya! Dodgeball, But With Guns Part-time Excavator The More The Merrier Universal Adapter Unlikely Earthworm Challenges ------------ None Game ------ Seed PropulsionFieldShearcannon Manual? 0 Play Time 03:11:02 Cumulative 12.9 hours Start 2025.06.14 @ 00:27:31 End 2025.06.29 @ 12:34:42 Sessions 5 Manual Loads 0 Difficulty Rogue Special Mode None Game No. 5 Rogue 5 Adventurer 0 Explorer 0 Win Type - Total 0 Types 0/0/0/0/0/0/0/0/0/0 Lore% 11 Gallery% 12 Achievement% 17 Wizard Run 0 Options --------- Layout 0 ASCII 0 Keyboard 0 Movement Numpad Keybinds 0 Fullscreen 2 Font 36/X11++ Map View 76x50 Zoom Use 0% Tactical HUD 1 Map Filters NONE Filters NONE Steam 1 RUN: 50c5d069-4dda-4996-b2fc-30bbff62e5a9